Map: Efflorescence LE

Players

Miralansa

  • Race: Terran Terran
  • League: Platinum
  • Spawn Location: 12:00

CrimsonKodo

  • Race: Zerg Zerg
  • League: Diamond
  • Spawn Location: 3:00

qqq - Winner!

  • Race: Protoss Protoss
  • Spawn Location: 9:00

Massa - Winner!

  • Race: Terran Terran
  • Spawn Location: 6:00

VOD

Have the link to the VOD?

Description

Time

  • Played on: Oct. 2, 2020, 5:30 p.m.
  • Length: 16:45
Show
View Real Time Build Order
Export as new Build Order

Miralansa Terran 

Build Orders:  

Get SALT Encoding   

  12  0:01  SCV  
  13  0:13  SCV  
  14  0:19  Supply Depot  
  14  0:25  SCV  
  15  0:40  SCV  
  16  0:45  Barracks  
  16  0:52  SCV  
  17  1:05  SCV, Barracks  
  18  1:21  SCV  
  18  1:24  Refinery  
  19  1:32  Refinery  
  19  1:33  SCV  
  20  1:44  Marine  
  20  1:46  SCV  
  22  1:53  Marine  
  23  2:20  Orbital Command  
  23  2:25  Marine  
  23  2:36  Factory  
  23  2:40  Supply Depot  
  23  2:47  Marine  
  23  2:57  Marine  
  23  3:02  SCV  
  23  3:05  Marine  
  25  3:14  SCV  
  25  3:15  Barracks, Marine  
  27  3:23  Factory Tech Lab, Marine  
  27  3:26  SCV  
  29  3:37  Command Center  
  29  3:44  Engineering Bay  
  29  3:58  SCV, Supply Depot  
  29  4:12  SCV  
  29  4:13  Missile Turret  
  30  4:20  Siege Tank  
  34  4:24  SCV  
  35  4:31  Barracks Tech Lab  
  35  4:32  Barracks Tech Lab  
  35  4:36  SCV, Terran Infantry Weapons Level 1  
  35  4:39  Barracks Reactor  
  35  4:41  Missile Turret  
  35  4:50  Orbital Command  
  35  4:52  SCV  
  36  5:02  Stimpack  
  36  5:04  SCV  
  37  5:12  Supply Depot  
  37  5:16  SCV  
  37  5:17  SCV  
  39  5:22  Missile Turret  
  39  5:25  Marine x2  
  41  5:28  SCV  
  41  5:30  SCV  
  43  5:44  Marauder  
  43  5:45  Marauder  
  43  5:47  Starport  
  47  5:56  SCV x2  
  49  6:01  Marine x2  
  51  6:05  Marine  
  51  6:07  Refinery  
  51  6:08  SCV x2  
  51  6:11  Command Center  
  54  6:17  Marine  
  55  6:19  Marine  
  55  6:20  SCV x2  
  55  6:21  Combat Shield  
  55  6:24  Marauder  
  60  6:32  SCV x2, Starport Reactor  
  62  6:35  Missile Turret  
  62  6:52  Terran Infantry Armor Level 1, Missile Turret  
  62  7:01  Factory  
  62  7:03  Concussive Shells  
  62  7:22  SCV x2, Medivac x2, Supply Depot  
  68  7:23  Widow Mine  
  68  7:24  Supply Depot  
  68  7:28  Orbital Command  
  70  7:31  Command Center  
  70  7:34  SCV x2  
  72  7:37  Refinery  
  72  7:40  Supply Depot  
  72  7:47  SCV x2  
  72  7:50  Factory Reactor  
  74  7:59  SCV x2  
  76  8:11  SCV  
  74  8:13  Marine  
  74  8:14  Marine x3  
  74  8:15  Widow Mine  
  74  8:18  SCV  
  81  8:23  SCV  
  82  8:30  SCV  
  82  8:33  Widow Mine x2  
  87  8:38  Orbital Command, Supply Depot  
  87  8:39  Supply Depot  
  87  8:41  SCV  
  88  8:42  SCV  
  88  8:45  Orbital Command  
  88  8:47  Factory  
  89  8:52  Armory  
  89  8:53  SCV, Factory  
  90  9:16  Marine x4  
  94  9:21  Widow Mine x2  
  94  9:22  Widow Mine  
  100  9:32  Armory  
  100  9:33  Factory Tech Lab  
  100  9:34  Marine x2  
  102  9:40  Factory Tech Lab  
  102  9:43  Thor  
  108  9:52  Drilling Claws  
  108  9:56  SCV  
  108  9:57  SCV x2  
  108  9:58  SCV  
  112  10:09  SCV x3  
  115  10:22  SCV x3  
  115  10:23  SCV  
  115  10:25  Missile Turret  
  115  10:26  Siege Tank  
  122  10:28  Refinery  
  122  10:31  Refinery  
  122  10:34  SCV x3  
  122  10:35  SCV, Command Center  
  124  10:44  Widow Mine x3  
  124  10:45  Widow Mine  
  124  10:46  Missile Turret  
  132  10:58  Terran Infantry Weapons Level 2  
  132  10:59  Terran Vehicle Weapons Level 1  
  132  11:00  Terran Vehicle And Ship Armor Level 1  
  132  11:09  Widow Mine  
  132  11:39  Widow Mine, Command Center  
  132  11:46  SCV x2, Siege Tank x3  
  143  12:12  Hellion x2  
  145  12:34  Hellion  
  145  12:35  Hellion, Siege Tank x3  
  158  12:55  Hellion  
  160  12:59  Planetary Fortress  
  160  13:04  SCV  
  160  13:05  SCV x3  
  164  13:07  Hellion, Thor  
  164  13:08  Hellion  
  164  13:11  Missile Turret  
  164  13:12  Orbital Command  
  174  13:13  Missile Turret x2  
  174  13:16  Infernal Pre-Igniter  
  174  13:17  SCV x3, Terran Vehicle Weapons Level 2  
  174  13:18  Terran Vehicle And Ship Armor Level 2  
  177  13:20  Terran Infantry Weapons Level 3  
  177  13:22  Medivac x2  
  181  13:29  Siege Tank  
  174  13:55  Marine x3  
  175  13:56  Marine  
  178  14:13  Marine x4  
  182  14:23  Barracks  
  182  14:25  Barracks x2  
  182  14:27  SCV x2  
  182  14:28  SCV x2, Barracks  
  186  14:39  Marine x2  
  186  14:41  Widow Mine  
  186  15:01  Marine  
  186  15:02  Widow Mine x2, SCV  
  186  15:07  Widow Mine  
  185  15:20  Marine  
  186  15:26  Marine x2  
  186  15:27  Widow Mine, Marine  
  186  15:28  Marine x2  
  186  15:29  Marine x2  
  186  15:31  Widow Mine x2  
  186  15:32  Widow Mine  
  186  15:33  Widow Mine  
  174  15:38  Marine  
  134  15:44  Marine x2  
  134  15:45  Marine  
  134  15:46  Marine x2  
  134  15:47  Marine x2  
  141  15:50  Engineering Bay  
  141  15:53  Widow Mine  
  141  15:54  Widow Mine  
  141  15:55  Barracks  
  141  15:56  Barracks, Marine  
  140  15:57  Barracks  
  140  16:01  Marine x2  
  140  16:03  Marine  
  140  16:04  Marine x2  
  125  16:05  Marine x2  
  125  16:08  Medivac x2  
  127  16:14  Marine  
  127  16:15  Widow Mine  
  117  16:19  Widow Mine x3, Marine x2  
  117  16:20  Widow Mine  
  117  16:21  Marine  
  117  16:22  Marine x2  
  117  16:23  Marine x2  
Show
View Real Time Build Order
Export as new Build Order

CrimsonKodo Zerg 

Build Orders: Pool First, Lurkers 

Get SALT Encoding   

  12  0:01  Drone  
  13  0:13  Overlord  
  13  0:19  Drone  
  14  0:32  Drone  
  14  0:33  Drone  
  16  0:47  Spawning Pool  
  15  0:51  Extractor  
  14  1:27  Drone x3  
  17  1:54  Zergling x2  
  17  1:55  Zergling x2  
  19  2:19  Queen  
  21  2:26  Drone  
  21  3:03  Spine Crawler  
  20  3:06  Spine Crawler  
  20  3:09  Overlord  
  20  3:10  Overlord  
  20  3:40  Hatchery  
  19  3:42  Drone x2  
  21  3:55  Metabolic Boost  
  22  4:17  Drone x2  
  22  4:20  Hatchery  
  23  4:29  Drone x2  
  25  4:35  Queen  
  27  4:47  Overlord  
  27  4:50  Drone  
  28  5:04  Overlord  
  28  5:09  Zergling x2  
  28  5:10  Zergling x4  
  31  5:21  Zergling x2  
  29  5:47  Queen  
  29  5:49  Drone x4  
  35  6:01  Drone  
  35  6:02  Drone x4  
  40  6:25  Drone x4  
  43  6:38  Roach Warren  
  42  6:41  Evolution Chamber  
  42  6:42  Drone x4  
  42  6:43  Drone x2, Hatchery  
  46  6:54  Overlord x2  
  46  6:56  Lair  
  46  6:59  Spore Crawler  
  45  7:02  Extractor  
  45  7:05  Extractor  
  45  7:07  Zerg Missile Weapons Level 1  
  43  7:15  Drone x3  
  45  7:23  Spore Crawler  
  45  7:24  Spore Crawler  
  45  7:26  Spore Crawler  
  45  7:27  Drone x3  
  45  7:43  Roach x3  
  51  8:04  Roach x3  
  51  8:05  Overlord x3  
  57  8:16  Glial Reconstitution  
  57  8:18  Extractor  
  56  8:24  Hydralisk Den  
  56  8:25  Queen  
  57  8:27  Drone x2  
  57  8:28  Drone x3, Evolution Chamber  
  57  8:30  Drone  
  57  8:31  Drone x5  
  67  8:46  Roach  
  67  8:47  Roach x2  
  73  8:50  Overlord x3  
  73  8:58  Grooved Spines  
  73  9:18  Roach x10  
  73  9:19  Roach  
  87  9:33  Hydralisk  
  89  9:44  Overlord  
  89  9:45  Overlord x3  
  89  9:55  Hatchery  
  89  9:57  Spore Crawler  
  89  9:58  Drone  
  89  9:59  Drone x2  
  90  10:03  Zerg Missile Weapons Level 2  
  90  10:15  Queen  
  90  10:20  Drone  
  95  10:21  Drone x5  
  95  10:27  Zerg Ground Armor Level 1  
  98  10:37  Extractor, Drone  
  98  10:38  Drone x3, Extractor  
  98  10:39  Drone x2  
  100  10:46  Hydralisk x2  
  98  10:51  Drone x2  
  98  10:52  Drone  
  98  10:55  Drone  
  98  10:56  Drone  
  103  10:59  Overseer  
  103  11:04  Drone  
  104  11:05  Drone x2  
  104  11:06  Drone x3  
  109  11:39  Extractor  
  108  11:41  Hatchery  
  107  11:48  Zergling x2  
  107  11:49  Zergling x38  
  127  11:59  Lurker Den  
  80  12:52  Hydralisk x9  
  80  12:53  Hydralisk x10  
  118  13:02  Lurker  
  119  13:11  Infestation Pit  
  118  13:22  Lurker  
  118  13:23  Overlord x2  
  118  13:24  Overlord x6  
  119  13:41  Hatchery  
  118  13:48  Overseer  
  118  13:49  Overseer  
  118  14:05  Hive  
  118  14:14  Lurker x8  
  118  14:15  Lurker x10  
  136  14:27  Queen  
  136  14:30  Hydralisk  
  140  14:31  Hydralisk x8  
  156  14:56  Spire  
  155  15:10  Hydralisk x8  
  115  15:45  Hydralisk  
  115  15:46  Hydralisk x10  
  129  16:12  Spore Crawler  
  129  16:13  Spore Crawler x2  
  129  16:16  Spore Crawler x2  
  129  16:17  Spore Crawler  
  116  16:18  Spore Crawler  
  116  16:20  Spore Crawler  
  116  16:22  Spore Crawler x2  
Show
View Real Time Build Order
Export as new Build Order

qqq Protoss - Winner!

Build Orders: Carriers 

Get SALT Encoding   

  12  0:02  Probe  
  13  0:16  Pylon  
  13  0:19  Probe  
  14  0:38  Forge  
  14  0:40  Probe  
  15  1:03  Pylon  
  14  1:13  Pylon  
  14  1:20  Pylon  
  14  1:33  Photon Cannon  
  14  1:34  Pylon  
  14  1:46  Photon Cannon  
  12  2:17  Probe  
  13  2:29  Probe  
  14  2:41  Probe  
  14  2:43  Pylon  
  15  2:53  Probe  
  15  3:10  Probe  
  16  3:17  Nexus  
  16  3:21  Gateway  
  16  3:22  Probe  
  17  3:29  Assimilator  
  17  3:32  Pylon  
  17  3:34  Probe  
  18  3:46  Probe  
  19  3:58  Probe  
  20  4:10  Probe  
  20  4:14  Cybernetics Core  
  21  4:19  Assimilator  
  21  4:22  Probe  
  22  4:29  Probe  
  23  4:34  Probe  
  24  4:41  Probe  
  25  4:47  Probe  
  26  4:53  Probe, Stargate  
  26  4:59  Probe  
  28  5:05  Probe, Photon Cannon  
  29  5:11  Probe  
  30  5:16  Assimilator  
  30  5:17  Probe  
  30  5:20  Assimilator  
  31  5:23  Probe  
  31  5:27  Stargate  
  32  5:29  Probe  
  32  5:35  Probe  
  34  5:41  Probe (Chrono Boost)  
  35  5:43  Phoenix (Chrono Boost)  
  38  5:53  Probe x2 (Chrono Boost)  
  39  5:59  Probe (Chrono Boost)  
  39  6:01  Probe (Chrono Boost)  
  41  6:05  Phoenix (Chrono Boost)  
  41  6:08  Probe  
  44  6:11  Probe  
  44  6:16  Protoss Air Weapons Level 1  
  44  6:17  Pylon  
  45  6:20  Probe  
  46  6:27  Pylon  
  46  6:35  Probe, Phoenix x2 (Chrono Boost)  
  51  6:52  Probe  
  52  6:55  Probe  
  52  6:56  Phoenix x2 (Chrono Boost)  
  57  7:13  Nexus  
  57  7:15  Phoenix x2  
  62  7:16  Pylon  
  62  7:20  Pylon  
  61  7:40  Phoenix x2  
  61  7:41  Photon Cannon  
  65  7:44  Photon Cannon  
  65  7:48  Photon Cannon  
  65  8:05  Phoenix  
  61  8:15  Phoenix  
  63  8:26  Fleet Beacon  
  63  8:30  Phoenix, Nexus  
  63  8:31  Probe  
  66  8:36  Protoss Air Armor Level 1 (Chrono Boost)  
  66  8:38  Pylon  
  66  8:43  Phoenix  
  66  8:44  Probe  
  69  8:54  Robotics Facility  
  69  8:56  Probe  
  70  9:02  Phoenix  
  70  9:08  Probe, Phoenix  
  75  9:20  Probe  
  76  9:28  Carrier  
  80  9:43  Carrier  
  86  9:48  Probe x2  
  86  9:51  Assimilator  
  88  9:55  Shield Battery  
  88  9:56  Assimilator  
  88  9:58  Shield Battery  
  88  10:00  Probe x2, Photon Cannon  
  88  10:02  Photon Cannon  
  88  10:03  Photon Cannon  
  90  10:09  Observer  
  90  10:12  Probe x2  
  93  10:24  Probe x2  
  95  10:31  Observer, Tempest  
  101  10:36  Probe x2  
  103  10:48  Probe x2  
  103  10:54  Carrier  
  109  11:00  Probe x2  
  111  11:14  Anion Pulse-Crystals  
  111  11:15  Observer  
  112  11:23  Pylon  
  112  11:26  Probe  
  112  11:27  Pylon  
  113  11:33  Pylon  
  113  11:34  Photon Cannon  
  113  11:36  Pylon  
  113  11:38  Probe  
  113  11:39  Probe  
  115  11:40  Photon Cannon  
  115  11:42  Carrier, Shield Battery, Assimilator  
  115  11:46  Assimilator  
  121  11:47  Stargate  
  121  11:50  Probe, Nexus, Stargate  
  121  11:51  Probe  
  121  11:53  Pylon  
  123  11:55  Pylon  
  123  11:58  Pylon  
  123  12:02  Probe  
  123  12:03  Probe  
  125  12:14  Probe  
  125  12:15  Probe  
  127  12:23  Photon Cannon  
  127  12:27  Probe  
  127  12:29  Carrier  
  133  12:37  Photon Cannon  
  133  12:39  Probe  
  133  12:40  Photon Cannon  
  133  12:42  Photon Cannon  
  133  12:43  Shield Battery  
  134  12:46  Photon Cannon, Carrier  
  134  12:49  Photon Cannon  
  140  12:51  Probe  
  140  12:57  Carrier  
  140  12:58  Tempest  
  152  13:03  Probe  
  153  13:11  Zealot  
  155  13:15  Probe  
  155  13:18  Twilight Council  
  156  13:28  Probe  
  156  13:33  Carrier  
  163  13:36  Probe  
  163  13:38  Zealot  
  163  13:39  Photon Cannon  
  163  13:40  Probe, Tempest  
  172  13:48  Probe  
  172  13:51  Nexus  
  172  13:53  Pylon  
  172  13:55  Pylon  
  181  13:57  Tempest, Pylon  
  181  13:59  Mothership (Chrono Boost)  
  181  14:00  Probe (Chrono Boost)  
  187  14:04  Photon Cannon  
  187  14:07  Photon Cannon  
  187  14:10  Photon Cannon, Charge  
  187  14:11  Tempest, Zealot  
  187  14:13  Probe (Chrono Boost)  
  195  14:18  Probe (Chrono Boost), Gateway  
  195  14:19  Gateway  
  196  14:25  Protoss Air Weapons Level 2  
  196  14:27  Observer  
  196  14:29  Probe  
  198  14:39  Zealot  
  200  14:52  Photon Cannon  
  200  14:54  Photon Cannon  
  200  14:56  Photon Cannon  
  200  14:57  Shield Battery  
  200  14:59  Shield Battery  
  199  15:00  Shield Battery  
  199  15:02  Photon Cannon  
  199  15:04  Pylon  
  199  15:07  Pylon  
  199  15:11  Photon Cannon  
  199  15:14  Photon Cannon  
  199  15:16  Photon Cannon  
  188  15:53  Probe  
  189  16:00  Photon Cannon  
  189  16:01  Photon Cannon  
  189  16:04  Probe, Photon Cannon  
  189  16:05  Probe  
  189  16:06  Photon Cannon  
  189  16:08  Shield Battery  
  193  16:11  Zealot x3  
  193  16:12  Photon Cannon, Shield Battery  
  193  16:15  Pylon  
  193  16:16  Probe  
  193  16:17  Probe, Pylon  
  193  16:28  Probe  
  193  16:29  Probe  
Show
View Real Time Build Order
Export as new Build Order

Massa Terran - Winner!

Build Orders: 2 Factory 

Get SALT Encoding   

  12  0:00  SCV  
  13  0:12  SCV  
  14  0:18  Supply Depot  
  14  0:24  SCV  
  15  0:40  SCV  
  15  0:41  Barracks  
  16  0:52  SCV  
  16  0:54  Refinery  
  17  0:57  Refinery  
  17  1:04  SCV  
  18  1:16  SCV  
  19  1:28  SCV, Marine  
  21  1:40  SCV, Supply Depot  
  21  1:47  Reaper  
  23  2:01  Factory  
  23  2:10  Orbital Command  
  23  2:27  Command Center  
  23  2:36  SCV  
  24  2:39  Marine  
  25  2:49  SCV  
  26  2:52  Factory Reactor  
  26  2:53  Factory  
  26  3:12  Starport  
  26  3:15  Engineering Bay  
  26  3:34  SCV  
  26  3:41  Factory Tech Lab  
  27  3:42  Barracks Tech Lab  
  27  3:47  SCV  
  27  3:48  Missile Turret  
  28  3:51  Hellion x2  
  32  4:09  Infernal Pre-Igniter  
  32  4:12  Hellion x2, Siege Tank  
  32  4:15  Medivac  
  32  4:16  Marine  
  42  4:24  Orbital Command  
  42  4:25  SCV  
  43  4:34  Hellion, Marine  
  46  4:41  Supply Depot  
  46  4:45  Missile Turret  
  46  5:03  SCV x2, Hellion  
  50  5:15  SCV, Medivac  
  50  5:17  Stimpack  
  53  5:31  Supply Depot  
  53  5:32  Supply Depot x2  
  53  5:33  Marauder  
  51  5:47  Siege Tank  
  54  5:53  Widow Mine x2  
  54  5:54  Marauder  
  54  5:56  Supply Depot  
  54  5:57  Supply Depot  
  60  5:58  Starport Reactor  
  60  5:59  Supply Depot  
  60  6:08  Missile Turret  
  60  6:11  Missile Turret  
  60  6:12  SCV  
  60  6:14  Widow Mine x2  
  60  6:15  SCV  
  66  6:24  SCV  
  67  6:28  Terran Infantry Weapons Level 1  
  66  6:48  Marine  
  67  6:58  Barracks  
  67  7:01  Barracks  
  67  7:03  Barracks  
  67  7:04  Barracks  
  67  7:06  Marine, Command Center  
  68  7:24  Marine  
  69  7:49  Siege Tank  
  72  7:51  Widow Mine  
  72  7:52  Widow Mine  
  76  7:59  Barracks Reactor, Barracks Tech Lab x2  
  76  8:09  Barracks Reactor  
  76  8:12  Missile Turret  
  76  8:21  Siege Tank  
  76  8:22  Terran Infantry Armor Level 1, Sensor Tower  
  76  8:24  Concussive Shells  
  79  8:29  Refinery  
  79  8:30  SCV x2  
  79  8:31  Refinery  
  79  8:33  Orbital Command  
  81  8:39  Combat Shield  
  81  8:42  SCV x2  
  83  8:53  Hellion x2  
  83  8:54  SCV x2  
  89  8:56  Hellion  
  91  9:05  Armory  
  91  9:06  SCV x2  
  93  9:11  Missile Turret  
  93  9:14  Hellion x2  
  93  9:16  Orbital Command  
  95  9:17  Hellion  
  95  9:18  SCV  
  98  9:29  Marauder x3, Marine x2  
  106  9:48  SCV x3  
  106  9:50  Marauder  
  111  10:00  SCV x3  
  114  10:12  SCV x3  
  114  10:14  Sensor Tower  
  113  10:26  Barracks  
  113  10:32  Starport Tech Lab  
  113  10:37  Starport  
  113  10:39  Starport  
  113  10:41  Starport  
  113  10:48  Command Center  
  113  10:53  Marine x2  
  113  10:54  Marauder  
  117  11:01  Supply Depot  
  117  11:03  Supply Depot  
  117  11:04  Terran Vehicle Weapons Level 1  
  117  11:14  Supply Depot  
  117  11:22  Marine x2  
  117  11:23  Marauder x3  
  117  11:24  Banshee, Marine x2  
  130  11:25  Supply Depot  
  130  11:29  Supply Depot  
  115  11:40  Marine  
  115  11:44  Marauder x3  
  121  11:47  Starport Tech Lab x2  
  121  11:59  Cloaking Field  
  119  12:07  Banshee  
  120  12:14  Starport Tech Lab  
  115  12:54  Banshee x4  
  115  12:56  Marauder x3, Marine x4  
  115  12:57  Marine x2  
  139  13:08  SCV  
  139  13:09  SCV x2  
  142  13:14  Marine x3  
  142  13:17  Marauder x2, Supply Depot  
  142  13:18  Terran Infantry Weapons Level 2, Marauder  
  151  13:20  SCV  
  151  13:21  SCV x2, Supply Depot  
  151  13:23  Supply Depot  
  154  13:33  SCV x3  
  157  13:37  Banshee x3  
  157  13:39  Marauder x3  
  172  13:45  SCV x2  
  171  14:00  Marauder  
  173  14:05  Marauder x2  
  173  14:06  Marine x4  
  173  14:07  Marine x2  
  183  14:12  Ghost Academy  
  183  14:14  Ghost Academy  
  183  14:17  Ghost Academy  
  183  14:21  Marauder  
  185  14:26  Marauder  
  185  14:27  SCV x2, Marauder  
  185  14:28  SCV  
  185  14:30  Planetary Fortress  
  192  14:39  SCV  
  192  14:43  Marauder  
  195  14:46  Supply Depot  
  195  14:48  Supply Depot  
  195  15:01  Marauder  
  195  15:08  Marauder  
  195  15:11  Supply Depot  
  195  15:13  Supply Depot  
  179  15:21  Thor  
  179  15:23  Hellion x2  
  189  15:34  Supply Depot  
  187  15:44  Hellion x2  
  183  16:06  Hellion x2  
Tags
 
Add a new tag
Caveats
  • Supply blocks, unpowered buildings, or Contaminate may cause inaccurate times.
  • Supply counts are checked every 10 seconds.